 Dungeon Crawl Stone Soup version 0.29-a0-284-gf9362112df (webtiles) character file.

Game seed: 12378251693921246806

2429 enile the Ducker (level 9, -1/54 HPs)
             Began as a Tengu Venom Mage on Mar 31, 2022.
             Was an Elder of Okawaru.
             Slain by a steam dragon (7 damage)
             ... on level 8 of the Dungeon.
             The game lasted 00:16:03 (8490 turns).

enile the Ducker (Tengu Venom Mage)                 Turns: 8490, Time: 00:16:03

Health: -1/54      AC:  6    Str: 19    XL:     9   Next: 48%
Magic:  17/25      EV: 33    Int: 23    God:    Okawaru [****..]
Gold:   647        SH:  0    Dex: 19    Spells: 7/17 levels left

rFire   . . .      SeeInvis .   n - +1 dagger (vamp)
rCold   . . .      Faith    .   z - orb {mayhem}
rNeg    . . .      Spirit   .   u - +4 robe of Augmentation {Str+4 Int+4 Dex+4}
rPois   .          Reflect  .   (helmet restricted)
rElec   .          Harm     +   f - scarf {harm}
rCorr   .          Rampage  .   (no gloves)
Will    .....                   (boots unavailable)
Stlth   +++.......              w - amulet of the acrobat
HPRegen 0.18/turn               q - +6 ring of strength
MPRegen 0.19/turn               K - ring of magical power

@: about to teleport, acrobatic, flying quickly and evasively, quick
A: beak, talons 3, nimble flight
a: Renounce Religion, Heroism, Finesse


You were on level 8 of the Dungeon.
You worshipped Okawaru.
Okawaru was greatly pleased with you.
You visited 1 branch of the dungeon, and saw 8 of its levels.
You also visited: Ossuary.

You collected 647 gold pieces.

Inventory:

Hand Weapons
 i - a +2 short sword of speed
 n - a +1 vampiric dagger (weapon)
 v - a +1 hunting sling of freezing
Missiles
 o - 6 boomerangs
Armour
 a - a +1 robe
 f - a scarf of harm (worn)
 u - the +4 robe of Augmentation (worn) {Str+4 Int+4 Dex+4}
   (You found it on level 3 of the Dungeon)

   Str:       It affects your strength (+4).
   Int:       It affects your intelligence (+4).
   Dex:       It affects your dexterity (+4).
 z - an orb of mayhem (worn)
Jewellery
 l - an amulet of faith
 q - a +6 ring of strength (left hand)
 w - an amulet of the acrobat (around neck)
 y - a ring of positive energy
 B - a ring of ice
 I - a ring of see invisible
 K - a ring of magical power (right hand)
 L - a ring of positive energy
Wands
 b - a wand of polymorph (9)
 d - a wand of paralysis (8)
 H - a wand of flame (16)
Scrolls
 c - 2 scrolls of enchant weapon
 g - a scroll of vulnerability
 h - a scroll of torment
 j - 2 scrolls of immolation
 m - a scroll of holy word
 p - 3 scrolls of fog
 s - a scroll of teleportation
 A - a scroll of summoning
 C - a scroll of noise
 J - a scroll of magic mapping
 N - a scroll of fear {unknown}
 P - a scroll of enchant armour
Potions
 e - 6 potions of curing
 k - 2 potions of cancellation
 r - a potion of ambrosia
 t - 2 potions of haste {unknown}
 x - a potion of degeneration {unknown}
 D - 3 potions of attraction {unknown}
 E - 4 potions of brilliance {unknown}
 F - a potion of mutation {unknown}
 G - a potion of invisibility {unknown}
 M - a potion of berserk rage {unknown}
 O - 2 potions of lignification {unknown}


   Skills:
 - Level 5.0 Fighting
 - Level 6.0 Dodging
 - Level 5.0 Stealth
 + Level 4.5 Spellcasting
 - Level 3.0 Conjurations
 - Level 0.7 Transmutations
 - Level 4.0 Air Magic
 - Level 4.0 Poison Magic
 - Level 4.0 Invocations
 - Level 4.0 Evocations


You had 7 spell levels left.
You knew the following spells:

 Your Spells              Type           Power      Damage    Failure   Level
a - Sting                 Tmut/Pois      64%        1d6       3%          1
b - Poisonous Vapours     Pois/Air       46%        N/A       3%          2
c - Mephitic Cloud        Conj/Pois/Air  22%        N/A       7%          3
d - Olgreb's Toxic Radia  Pois           23%        N/A       19%         4

Your spell library contained the following spells:

 Spells                   Type           Power      Damage    Failure   Level
 Spider Form              Tmut/Pois      16%        N/A       11%         3
 Ensorcelled Hibernation  Hex/Ice        10%        N/A       16%         2
 Dazzling Flash           Conj/Hex       24%        N/A       16%         3
 Anguish                  Hex/Necr       2%         N/A       69%         4
 Silence                  Hex/Air        7%         N/A       77%         5
 Agony                    Necr           5%         N/A       95%         5
 Summon Small Mammal      Summ           Unusable   N/A       N/A         1
 Call Canine Familiar     Summ           Unusable   N/A       N/A         3
 Summon Guardian Golem    Hex/Summ       Unusable   N/A       N/A         3

Dungeon Overview and Level Annotations

Branches:
Dungeon (8/15)             Temple (0/1) D:5         Ossuary (visited)
   Lair: D:8-11

Altars:
Ashenzari
Dithmenos
Fedhas
Okawaru
Yredelemnul
Zin


Innate Abilities, Weirdness & Mutations

You have a beak for a mouth.
You have claws for feet.
Your magical nature lets you fly swiftly and evasively.


Message History

Your toxic aura wanes.
The steam dragon misses you. The steam dragon closely misses you.
Something hits you.
You closely miss the steam dragon.
You claw the steam dragon, but do no damage.
Your peck misses the steam dragon.
The steam dragon is lightly wounded.
The steam dragon misses you.
The steam dragon claws you but does no damage.
Something hits you but does no damage.
You hit the steam dragon but do no damage.
The steam dragon is lightly wounded.
An orc wizard appears from thin air!
Reactivating autopickup.
The steam dragon misses you. The steam dragon closely misses you.
The orc wizard misses you.
You hit the steam dragon.
You feel better.
You claw the steam dragon, but do no damage.
The steam dragon is moderately wounded.
The steam dragon closely misses you. The steam dragon misses you.
The orc wizard completely misses you.
You closely miss the orc wizard. You claw the orc wizard.
You kill the orc wizard!
Okawaru accepts your kill.
The steam dragon flies into a frenzy!
The steam dragon bites you but does no damage.
The steam dragon completely misses you.
You closely miss the steam dragon. Your peck misses the steam dragon.
The steam dragon is heavily wounded.
The steam dragon bites you. The steam dragon claws you!
The steam dragon misses you. x2
Okay, then.
As you read the scroll of teleportation, it crumbles to dust.
You feel strangely unstable. The steam dragon barely misses you.
The steam dragon completely misses you.
The steam dragon completely misses you. x2
The steam dragon bites you!
* * * LOW HITPOINT WARNING * * *
The steam dragon claws you.
You die...

###....## ##.......### ###
###..........## #.#
##.............# #.##
#..............# #..#
#..............# #### #..#
##.............###..# #..#
#..................#
##.########.....@.......##...#
......#.†.......D.....####).##
......................# #..#
.......###...........## #..#
.........#.....).##### ####
..........#...#(..#
..........#...##..#
..........#...###).#
.........###..# #..).


You could see a neutral steam dragon (fast, strong, insane, poisoned).

Vanquished Creatures
  Grinder (D:5)
  2 yaks (D:6)
  Duvessa (D:5)
  A sky beast (D:8)
  An ice beast (D:5)
  2 ogres
  2 centaurs
  A phantom (D:4)
  A necrophage (D:4)
  Dowan (D:5)
  A gnoll shaman (D:4)
  2 hounds
  A jelly (D:5)
  3 orc priests
  Ijyb (D:3)
  3 iguanas (D:5)
  3 orc wizards
  5 mummies (Ossuary)
  8 gnolls
  7 adders
  A shadow imp (D:5)
  A white imp (D:8)
  An ufetubus (D:5)
  2 worms
  3 dart slugs
  22 orcs
  5 endoplasms
  6 giant cockroaches
  2 gnoll zombies (Ossuary)
  6 goblins
  4 hobgoblins
  3 jackals (D:3)
  8 kobolds
  3 quokkas
  5 ball pythons
  2 bats (D:3)
  7 frilled lizards
  A goblin zombie (D:8)
  A hobgoblin zombie (Ossuary)
  2 kobold zombies (Ossuary)
  2 orc zombies (Ossuary)
  4 rats
  A rat zombie (D:8)
139 creatures vanquished.

Vanquished Creatures (collateral kills)
  3 yaks (D:6)
  An orc wizard (D:5)
  3 mummies (Ossuary)
  An adder (D:5)
  3 orcs (D:6)
  A ball python (D:4)
  A hobgoblin zombie (Ossuary)
13 creatures vanquished.

Vanquished Creatures (others)
  An orc (D:6)
  2 demonic plants (D:3)
3 creatures vanquished.

Grand Total: 155 creatures vanquished

Notes
Turn   | Place    | Note
-------+----------+-------------------------------------------
     0 | D:1      | enile the Tengu Venom Mage began the quest for the Orb.
     0 | D:1      | Reached XP level 1. HP: 10/10 MP: 4/4
   453 | D:1      | Found a faded altar of an unknown god.
   460 | D:1      | Prayed at the altar of an unknown god.
   460 | D:1      | Became a worshipper of Warmaster Okawaru
   460 | D:1      | Reached * piety under Okawaru
   475 | D:1      | Reached XP level 2. HP: 9/15 MP: 4/6
   598 | D:1      | Learned a level 2 spell: Poisonous Vapours
  1061 | D:2      | Reached skill level 1 in Fighting
  1083 | D:2      | Reached XP level 3. HP: 10/21 MP: 1/8
  1353 | D:2      | Reached skill level 3 in Dodging
  1373 | D:2      | Reached XP level 4. HP: 11/26 MP: 0/9
  2265 | D:3      | Learned a level 3 spell: Mephitic Cloud
  2610 | D:3      | Noticed Ijyb
  2636 | D:3      | Killed Ijyb
  2637 | D:3      | Reached skill level 4 in Dodging
  2739 | D:3      | Gained mutation: Your magical nature lets you fly swiftly
                  | and evasively. [Tengu growth]
  2739 | D:3      | Reached XP level 5. HP: 30/31 MP: 10/10
  2782 | D:3      | Reached skill level 1 in Air Magic
  2903 | D:3      | Found the +4 robe of Augmentation {Str+4 Int+4 Dex+4}
  4294 | D:4      | Reached ** piety under Okawaru
  4295 | D:4      | Reached XP level 6. HP: 36/36 MP: 9/11
  4302 | D:4      | Reached skill level 1 in Invocations
  4703 | D:4      | Reached XP level 7. HP: 37/40 MP: 12/12
  5038 | D:5      | Entered Level 5 of the Dungeon
  5038 | D:5      | Noticed Duvessa
  5101 | D:5      | Noticed Dowan
  5555 | D:5      | Found a staircase to the Ecumenical Temple.
  5641 | D:5      | Killed Duvessa
  5641 | D:5      | Reached *** piety under Okawaru
  5642 | D:5      | Reached skill level 5 in Dodging
  5643 | D:5      | Killed Dowan
  5644 | D:5      | Reached XP level 8. HP: 48/48 MP: 1/13
  5835 | D:5      | Reached skill level 6 in Dodging
  6075 | D:5      | Noticed Grinder
  6129 | D:5      | Killed Grinder
  6129 | D:5      | Received a gift from Okawaru
  6130 | D:5      | Reached skill level 1 in Evocations
  6457 | D:5      | Found a glowing silver altar of Zin.
  6864 | D:6      | Found a broken altar of Ashenzari.
  6867 | D:6      | Found a basalt altar of Yredelemnul.
  6870 | D:6      | Found a blossoming altar of Fedhas.
  6873 | D:6      | Found a shadowy altar of Dithmenos.
  7012 | D:6      | Reached **** piety under Okawaru
  7230 | D:6      | Noticed a yak
  7230 | D:6      | Noticed a yak
  7232 | D:6      | Noticed a yak
  7232 | D:6      | Noticed a yak
  7248 | D:6      | Killed a yak
  7249 | D:6      | Reached skill level 5 in Fighting
  7251 | D:6      | Killed a yak
  7252 | D:6      | Reached XP level 9. HP: 54/54 MP: 3/16
  7261 | D:6      | Reached skill level 5 in Stealth
  7273 | D:6      | Learned a level 4 spell: Olgreb's Toxic Radiance
  7773 | D:7      | You are sucked into a shaft and drop 1 floor!
  7818 | D:8      | Found a sand-covered staircase.
  7830 | Ossuary  | Entered an ossuary
  7857 | Ossuary  | Reached skill level 1 in Conjurations
  8169 | Ossuary  | Identified a scroll of acquirement
  8171 | Ossuary  | Acquired a ring of magical power
  8490 | D:8      | Slain by a steam dragon

Illustrated notes

Levels and vault maps discovered:
D:1:      dpeg_arrival_snail, layout_loops_ring,
          hellmonk_ecumenical_altar_pennies_from_heaven, minmay_pentomino_s2
D:2:      layout_rooms
D:3:      minmay_chambers_of_twos, layout_basic, dreamdust_princess_corridor,
          uniq_ijyb
D:4:      layout_rooms, kennysheep_decorative_pillar
D:5:      layout_basic, zin_scriptorium, minmay_temple_entry_ruins,
          uniq_grinder, uniq_duvessa
D:6:      layout_cave_pools, grunt_temple_overflow_cloverleaf
D:7:      layout_cave_pods
D:8:      layout_cave_pods, grunt_qazlal_clouds, enter_ossuary_4, uniq_gastronok

Skill      XL: |  1  2  3  4  5  6  7  8  9 |
---------------+----------------------------+-----
Fighting       | 2 4 5 |  5.0
Dodging        | 3 4 5 6 |  6.0
Air Magic      | 4 |  4.0
Invocations    | 3 4 |  4.0
Spellcasting   | 4 |  4.5
Evocations     | 4 |  4.0
Stealth        | 3 5 |  5.0
Poison Magic   | 4 |  4.0
Conjurations   | 3 |  3.0
Transmutations | |  0.7

Action                   |  1- 3 |  4- 6 |  7- 9 || total
-------------------------+-------+-------+-------++-------
Melee: Unarmed           |    10 |       |       ||    10
       Kick              |     6 |    32 |    65 ||   103
       Peck              |     3 |    20 |    30 ||    53
       Short sword       |    10 |       |       ||    10
       Dagger            |     6 |    90 |   149 ||   245
 Cast: Sting             |    19 |    55 |    26 ||   100
       Poisonous Vapours |    11 |    51 |    41 ||   103
       Mephitic Cloud    |       |     2 |    12 ||    14
       Olgreb's Toxic Ra |       |       |     3 ||     3
Invok: Heroism           |       |     1 |       ||     1
Evoke: Wand              |       |       |     1 ||     1
  Use: Potion            |       |     3 |     1 ||     4
       Scroll            |       |     5 |    14 ||    19
 Stab: Sleeping          |       |     2 |     3 ||     5
       Confused          |       |     2 |       ||     2
       Paralysed         |       |       |     1 ||     1
       Distracted        |       |       |     1 ||     1
Armor: Robe              |     1 |    19 |    38 ||    58
Dodge: Dodged            |    19 |    75 |   162 ||   256

Table legend: (Time is in decaauts)
 A = Elapsed time spent in this place.
 B = Non-inter-level travel time spent in this place.
 C = Inter-level travel time spent in this place.
 D = Time resting spent in this place.
 E = Time spent auto-exploring this place.
 F = Levels seen in this place.
 G = Mean time per level.
                   A        B        C        D        E       F      G
               +--------+--------+--------+--------+--------+-----+--------+
         Total |   8223 |   8050 |    173 |    679 |   6091 |   9 |  913.7 |
       Dungeon |   7825 |   7652 |    173 |    679 |   5800 |   8 |  978.1 |
       Ossuary |    398 |    398 |      0 |      0 |    291 |   1 |  398.0 |
               +--------+--------+--------+--------+--------+-----+--------+

Top non-repeatable levels by time:
     D:3: 1759 daAuts
     D:4: 1387 daAuts
     D:2: 1354 daAuts
     D:5: 1251 daAuts
     D:1: 893 daAuts
     D:6: 892 daAuts
 Ossuary: 398 daAuts
     D:8: 286 daAuts
